 Dungeon Crawl Stone Soup version 0.28.0-53-g5a82cb258f (webtiles) character file.

Game seed: 4167782065781300113

67 Sin92 the Skirmisher (level 4, -1/35 HPs)
             Began as a Demonspawn Fighter on June 14, 2022.
             Slain by an orc
             ... wielding a +0 trident
              (6 damage)
             ... on level 3 of the Dungeon.
             The game lasted 00:04:42 (1610 turns).

Sin92 the Skirmisher (Demonspawn Fighter)           Turns: 1610, Time: 00:04:43

Health: -1/35      AC:  6    Str: 18    XL:     4   Next: 0%
Magic:  4/4        EV:  9    Int:  9    God:
Gold:   114        SH:  4    Dex: 13    Spells: 3/3 levels left

rFire   . . .      SeeInvis .   a - +0 war axe
rCold   . . .      Faith    .   c - +0 buckler
rNeg    . . .      Spirit   .   b - +0 scale mail
rPois   .          Reflect  .   (helmet restricted)
rElec   .          Harm     .   (no cloak)
rCorr   .          Rampage  .   (no gloves)
Will    .....                   (no boots)
Stlth   ..........              (no amulet)
HPRegen 0.11/turn               (no ring)
MPRegen 0.09/turn               (no ring)

@: no status effects
A: antennae 1, powered by pain 1
a: no special abilities


You were on level 3 of the Dungeon.
You visited 1 branch of the dungeon, and saw 3 of its levels.

You collected 114 gold pieces.

Inventory:

Hand Weapons
 a - a +0 war axe (weapon)
 j - the +9 hunting sling "Eviscerator" {speed, rF+ Stlth+}
   (You took it off a hobgoblin on level 2 of the Dungeon)

   Attacks with this weapon are significantly faster.
   rF:        It protects you from fire.
   Stlth:     It makes you more stealthy.
Armour
 b - a +0 scale mail (worn)
 c - a +0 buckler (worn)
Jewellery
 h - a ring of fire
Scrolls
 f - 3 scrolls of identify
 g - 3 scrolls of teleportation
Potions
 d - 2 potions of might
 e - a potion of heal wounds
 i - a potion of attraction
 k - a potion of brilliance {unknown}


   Skills:
 + Level 3.4 Fighting
 + Level 2.3 Axes
 + Level 0.2 Slings
 + Level 3.0 Armour
 + Level 1.1 Dodging
 + Level 3.1 Shields


You had 3 spell levels left.
You didn't know any spells.
Your spell library contained the following spells:

 Spells                   Type           Power      Damage    Failure   Level
 Tukima's Dance           Hex            0%         N/A       99%         3
 Anguish                  Hex/Necr       0%         N/A       100%        4
 Enfeeble                 Hex            0%         N/A       100%        7


Dungeon Overview and Level Annotations

Branches:
Dungeon (3/15)

Altars:


Innate Abilities, Weirdness & Mutations

You have a pair of small antennae on your head.
You sometimes gain a little power by taking damage.


Message History

The orc wizard hits you but does no damage.
The orc wizard points at you and mumbles some strange words.
The magic dart hits you!
You slash the orc wizard!
The orc wizard is heavily wounded.
You slash the orc!
You kill the orc!
The orc wizard gestures at you while chanting.
The puff of flame misses you.
The orc hits you from afar with a +0 trident.
You have reached level 4!
You feel agile.
You closely miss the orc wizard.
The orc wizard is heavily wounded.
The orc wizard gestures at you while chanting.
The magic dart hits you.
* * * LOW HITPOINT WARNING * * *
You block the orc's attack.
You closely miss the orc wizard.
The orc wizard is heavily wounded.
The orc wizard hits you but does no damage.
The orc barely misses you.
The orc wizard hits you but does no damage.
You barely miss the orc wizard.
The orc wizard is heavily wounded.
The orc hits you from afar with a +0 trident.
* * * LOW HITPOINT WARNING * * *
You block the orc wizard's attack. The orc barely misses you.
You hit the orc wizard.
The orc wizard is severely wounded.
The orc wizard gestures wildly while chanting.
The orc wizard flickers and vanishes!
Deactivating autopickup; reactivate with Ctrl-A.
The orc hits you but does no damage.
You miss something.
You hear some strange, mumbled words.
A puff of flame appears from out of thin air!
You block the puff of flame.
The orc hits you from afar with a +0 trident.
You die...

#...###.#
#.......#
###.#####
..#.#
#.#.#
#.#.#
#####o#.#
#....{..#
#.###@###
#.# #.#
..# ###


You could see an orc.

Vanquished Creatures
  3 adders
  An orc (D:3)
  3 bats
  3 endoplasms
  3 giant cockroaches (D:1)
  4 goblins
  4 hobgoblins
  4 jackals (D:2)
  2 quokkas
  2 ball pythons (D:2)
  3 frilled lizards (D:1)
  3 kobolds
  3 rats
38 creatures vanquished.

Vanquished Creatures (others)
  A plant (D:3)
1 creature vanquished.

Grand Total: 39 creatures vanquished

Notes
Turn   | Place    | Note
-------+----------+-------------------------------------------
     0 | D:1      | Sin92 the Demonspawn Fighter began the quest for the Orb.
     0 | D:1      | Reached XP level 1. HP: 18/18 MP: 1/1
   115 | D:1      | Gained mutation: You sometimes gain a little power by
                  | taking damage. [demonic ancestry]
   115 | D:1      | Reached XP level 2. HP: 17/24 MP: 2/2
   266 | D:1      | You fall into a shaft and drop 1 floor!
   393 | D:2      | Gained mutation: You have a pair of small antennae on your
                  | head. [demonic ancestry]
   393 | D:2      | Reached XP level 3. HP: 29/29 MP: 3/3
   682 | D:2      | Found a faded altar of an unknown god.
   801 | D:2      | Identified the +9 hunting sling "Eviscerator" {speed, rF+
                  | Stlth+}
   952 | D:2      | Reached skill level 1 in Dodging
  1606 | D:3      | Reached XP level 4. HP: 13/35 MP: 4/4
  1610 | D:3      | Slain by an orc

Illustrated notes

Levels and vault maps discovered:
D:1:      scummos_arrival_forest, layout_basic, kennysheep_flooded_box,
          minmay_vboxes
D:2:      layout_basic, ebering_ecumenical_altar_mist
D:3:      layout_loops_corners, mainiacjoe_overflow_boulevard, serial_forest,
          infiniplex_forest_corner_1, infiniplex_forest_clump_C,
          infiniplex_forest_fountain, infiniplex_forest_lined_room_3,
          infiniplex_forest_end_2

Skill      XL: |  1  2  3 |
---------------+----------+-----
Axes           | 2 |  2.3
Shields        | 3 |  3.1
Armour         | 3 |  3.0
Dodging        | 1 |  1.1
Fighting       | |  3.4
Slings         | |  0.2

Action                   |  1- 3 |  4- 6 || total
-------------------------+-------+-------++-------
Melee: War axe           |    95 |     5 ||   100
  Use: Scroll            |     3 |       ||     3
Armor: Scale mail        |    52 |     3 ||    55
Dodge: Dodged            |    53 |     2 ||    55
Block: Buckler           |    31 |     3 ||    34
